 Dungeon Crawl Stone Soup version 0.21.1-1-g345015f (webtiles) character file.

1047 Inarius the Grappler (level 8, -4/67 HPs)
             Began as a Ghoul Monk on Feb 5, 2018.
             Was a Believer of Makhleb.
             Slain by an orc warrior
             ... wielding a +0 short sword
              (11 damage)
             ... on level 6 of the Dungeon.
             The game lasted 00:13:22 (5084 turns).

Inarius the Grappler (Ghoul Monk)                   Turns: 5084, Time: 00:13:23

Health: -4/67      AC: 10    Str: 17    XL:     8   Next: 25%
Magic:  0/16       EV:  8    Int:  5    God:    Makhleb [**....]
Gold:   259        SH:  4    Dex: 14    Spells: 7/7 levels left

rFire    . . .     SeeInvis .     - Unarmed
rCold    + . .     Gourm    .   c - +0 buckler
rNeg     + + +     Faith    .   d - +0 chain mail
rPois    ∞         Spirit   +   (no helmet)
rElec    .         Reflect  .   o - scarf {Spirit}
rCorr    .         Harm     .   y - +0 pair of gloves (curse)
MR       .....                  (no boots)
Stlth    ..........             (no amulet)
HPRegen  0.00/turn              l - +3 ring of dexterity
MPRegen  0.15/turn              m - ring of magical power

@: rotting, hasted, very quick
A: rotting body, claws 1, carnivore, cold resistance 1, negative energy
resistance 3, inhibited regeneration, torment resistance, unbreathing
a: Minor Destruction, Renounce Religion


You were on level 6 of the Dungeon.
You worshipped Makhleb.
Makhleb was pleased with you.
You were not hungry.

You visited 2 branches of the dungeon, and saw 7 of its levels.

You collected 259 gold pieces.

Inventory:

Armour
 c - a +0 buckler (worn)
 d - a +0 chain mail (worn)
 o - a scarf of spirit shield (worn)
 y - a cursed +0 pair of gloves (worn)
Jewellery
 a - an uncursed ring of ice
 e - a +2 ring of protection
 f - an uncursed ring of see invisible
 l - a +3 ring of dexterity (left hand)
 m - a ring of magical power (right hand)
Wands
 q - a wand of paralysis (20)
Scrolls
 i - a scroll of silence {unknown}
 n - 2 scrolls of amnesia
 p - a scroll of blinking
 r - 2 scrolls of teleportation
 s - a scroll of remove curse
Potions
 h - 4 potions of curing
 j - 2 potions of haste
 k - a potion of might
 t - a potion of flight
 u - a potion of invisibility
 w - a potion of brilliance
 x - a potion of heal wounds {unknown}
Comestibles
 b - 9 rations


   Skills:
 + Level 4.7 Fighting
 + Level 3.7 Armour
 + Level 3.5 Dodging
 - Level 2.1 Stealth
 + Level 1.4 Shields
 + Level 8.3 Unarmed Combat
 + Level 0.1 Invocations


You had 7 spell levels left.
You didn't know any spells.

Dungeon Overview and Level Annotations

Branches:
Dungeon (6/15)             Temple (1/1) D:5

Altars:
Ashenzari
Dithmenos
Elyvilon
Fedhas
Gozag
Kikubaaqudgha
Makhleb
Okawaru
Qazlal
Ru
Sif Muna
Trog
Vehumet
Yredelemnul
Zin
The Shining One


Innate Abilities, Weirdness & Mutations

Your body is rotting away.
You thrive on raw meat.
You are immune to poison.
You have sharp fingernails.
You are carnivorous and can eat meat at any time.
Your flesh is cold resistant. (rC+)
You are immune to negative energy. (rN+++)
You do not regenerate when monsters are visible.
You are immune to unholy pain and torment.
You can survive without breathing.


Message History

The orc warrior is heavily wounded.
The orc warrior hits you with a short sword!
* * * LOW HITPOINT WARNING * * *
You feel yourself speed up.
The orc warrior hits you but does no damage.
You hit the orc warrior.
The orc warrior is heavily wounded.
You hit the orc warrior.
The orc warrior is severely wounded.
The orc warrior closely misses you.
You punch the orc warrior!
The orc warrior is almost dead.
The orc warrior hits you with a short sword!
* * * LOW HITPOINT WARNING * * *
You hit the orc warrior but do no damage.
The orc warrior is almost dead.
You hit the orc warrior.
The orc warrior is almost dead.
The orc warrior hits you with a short sword!
You die...

#.# #.# ########## #.# #........#
# #.# ####........######### #.#
#.....(.............. #.#
##...........###.###'#
#.####..._........# #.# #.#
#######....[............# #.###.#
................@.......# #.'.._.
#######...###..o###########.#####
......+.....#.†) ........# ###
.#### #...#.#..# #########.#####
.# #..[#.#.. #....# #......
.######...# #.. #....# #.###..
........... .. #....# #.#....
....######..#. #....####.#.###
###.# ..# #............#


You could see an orc warrior.

Vanquished Creatures
  Edmund (D:4)
  A sky beast (D:5)
  A phantom (D:4)
  An ogre (D:6)
  A scorpion (D:4)
  2 howler monkeys
  3 crimson imps
  2 orc priests
  A bullfrog skeleton (D:4)
  An orc wizard (D:4)
  6 gnolls
  11 adders
  3 shadow imps (D:5)
  2 oozes
  4 worms
  4 dart slugs
  3 leopard geckos
  17 orcs
  3 giant cockroaches
  6 goblins
  6 hobgoblins
  4 jackals (D:5)
  A quokka (D:3)
  3 ball pythons
  5 bats
  3 frilled lizards
  A goblin zombie (D:4)
  3 hobgoblin zombies (D:4)
  7 kobolds
  2 kobold zombies (D:4)
  2 leopard gecko skeletons
  2 orc zombies (D:4)
  2 quokka skeletons (D:4)
  A quokka zombie (D:6)
  13 rats
128 creatures vanquished.

Notes
Turn   | Place    | Note
-------+----------+-------------------------------------------
     0 | D:1      | Inarius the Ghoul Monk began the quest for the Orb.
     0 | D:1      | Reached XP level 1. HP: 19/19 MP: 0/0
    76 | D:1      | Reached XP level 2. HP: 25/26 MP: 1/1
   366 | D:1      | Reached XP level 3. HP: 14/32 MP: 2/2
   653 | D:2      | Reached skill level 4 in Unarmed Combat
  1060 | D:2      | Reached XP level 4. HP: 27/40 MP: 3/3
  1279 | D:2      | Reached skill level 1 in Armour
  1656 | D:3      | Found a sacrificial altar of Ru.
  1678 | D:3      | Found a shattered altar of Ashenzari.
  1857 | D:3      | Reached XP level 5. HP: 43/46 MP: 4/4
  1951 | D:3      | Reached skill level 5 in Unarmed Combat
  2439 | D:4      | Noticed a phantom
  2527 | D:4      | Found a deep blue altar of Sif Muna.
  2582 | D:4      | Reached XP level 6. HP: 52/52 MP: 5/5
  2740 | D:4      | Found a glowing golden altar of the Shining One.
  2774 | D:4      | Reached skill level 6 in Unarmed Combat
  2845 | D:4      | Found a bloodstained altar of Trog.
  2939 | D:4      | Killed a phantom
  2939 | D:4      | Reached skill level 1 in Shields
  2939 | D:4      | Reached XP level 7. HP: 48/60 MP: 6/6
  3340 | D:4      | Noticed Edmund
  3374 | D:4      | Killed Edmund
  3374 | D:4      | Reached skill level 7 in Unarmed Combat
  3606 | D:5      | Entered Level 5 of the Dungeon
  3972 | D:5      | Found a staircase to the Ecumenical Temple.
  4143 | Temple   | Entered the Ecumenical Temple
  4191 | Temple   | Became a worshipper of Makhleb the Destroyer
  4191 | Temple   | Reached * piety under Makhleb
  4191 | Temple   | Reached ** piety under Makhleb
  4527 | D:5      | Found an ancient bone altar of Kikubaaqudgha.
  4717 | D:6      | Found a basalt altar of Yredelemnul.
  4748 | D:6      | Reached XP level 8. HP: 66/66 MP: 7/7
  4931 | D:6      | Reached skill level 8 in Unarmed Combat
  5009 | D:6      | Found a white marble altar of Elyvilon.
  5084 | D:6      | Slain by an orc warrior

Skill      XL: |  1  2  3  4  5  6  7  8 |
---------------+-------------------------+-----
Dodging        | 3 |  3.5
Unarmed Combat | 4 5 6 7 8 |  8.3
Fighting       | 4 |  4.7
Armour         | 1 2 3 |  3.7
Shields        | 1 |  1.4
Stealth        | |  2.1
Invocations    | |  0.1

Action                   |  1- 3 |  4- 6 |  7- 9 || total
-------------------------+-------+-------+-------++-------
Melee: Unarmed           |   165 |   320 |   198 ||   683
Invok: Minor Destruction |       |       |     7 ||     7
  Use: Scroll            |     6 |       |     9 ||    15
       Potion            |     1 |       |     1 ||     2
  Eat: Chunk             |    13 |    27 |    14 ||    54
Armor: Chain mail        |    99 |   129 |    70 ||   298
Dodge: Dodged            |    48 |    73 |    50 ||   171
Block: Buckler           |     8 |    29 |    20 ||    57
